 Dungeon Crawl Stone Soup version 0.23-a0-713-ge59bbb1 (webtiles) character file.

1789 Blackhawk the Skirmisher (level 8, -3/63 HPs)
             Began as a Demonspawn Gladiator on Jan 15, 2019.
             Was a Priest of Ru.
             Slain by Joseph
             ... wielding a +0 quarterstaff
              (13 damage)
             ... on level 7 of the Dungeon.
             The game lasted 00:09:55 (6208 turns).

Blackhawk the Skirmisher (Demonspawn Gladiator)     Turns: 6208, Time: 00:09:55

Health: -3/63      AC:  9    Str: 16    XL:     8   Next: 82%
Magic:  8/8        EV:  9    Int:  9    God:    Ru [***...]
Gold:   402        SH:  0    Dex: 16    Spells: 7/7 levels left

rFire    . . .     SeeInvis .   a - +0 war axe
rCold    . . .     Gourm    .   (no shield)
rNeg     . . .     Faith    .   m - +0 chain mail
rPois    .         Spirit   .   (helmet restricted)
rElec    .         Reflect  .   (no cloak)
rCorr    .         Harm     .   (no gloves)
MR       .....                  (no boots)
Stlth    ..........             g - amulet of the acrobat
HPRegen  0.20/turn              (no ring)
MPRegen  0.11/turn              (no ring)

@: no status effects
A: horns 2, spiny 2, no stealth, inability to use devices
a: Draw Out Power, Renounce Religion


You were on level 7 of the Dungeon.
You worshipped Ru.
Ru was most pleased with you.
You were not hungry.

You visited 1 branch of the dungeon, and saw 7 of its levels.

You collected 402 gold pieces.

Inventory:

Hand Weapons
 a - a +0 war axe (weapon)
Missiles
 d - 3 throwing nets (quivered)
Armour
 m - a +0 chain mail (worn)
Jewellery
 g - an amulet of the acrobat (around neck)
Scrolls
 b - 3 scrolls of enchant armour {unknown}
 j - 3 scrolls of teleportation {unknown}
 o - 2 scrolls of magic mapping {unknown}
 p - 3 scrolls of remove curse {unknown}
 r - a scroll of fear {unknown}
 s - a scroll of random uselessness {unknown}
 u - a scroll of vulnerability {unknown}
 v - a scroll of immolation {unknown}
Potions
 c - a potion of agility {unknown}
 e - 3 potions of haste
 h - 3 potions of curing
 i - a potion of ambrosia {unknown}
 k - 2 potions of lignification {unknown}
 l - 4 potions of brilliance {unknown}
 n - 2 potions of flight {unknown}
 t - a potion of berserk rage {unknown}
 w - a potion of invisibility {unknown}
Comestibles
 f - 11 rations
 q - 7 chunks of flesh


   Skills:
 + Level 5.5 Fighting
 + Level 5.4 Axes
 + Level 5.0 Throwing
 + Level 4.0 Armour
 + Level 5.4 Dodging


You had 7 spell levels left.
You didn't know any spells.
Your spell library contained the following spells:

 Spells                   Type           Power        Failure   Level  Hunger
 Beastly Appendage        Tmut           #.....       100%        1    ##.....
 Sandblast                Erth           #.....       100%        1    ##.....
 Passwall                 Tmut/Erth      #.......     100%        2    ###....
 Sticks to Snakes         Tmut           #.......     100%        2    ###....
 Spider Form              Tmut/Pois      #.........   100%        3    ####...
 Stone Arrow              Conj/Erth      #.....       100%        3    ####...
 Ice Form                 Ice/Tmut       #.......     100%        4    #####..
 Petrify                  Tmut/Erth      #.......     100%        4    #####..
 Blade Hands              Tmut           #.........   100%        5    ######.
 Lee's Rapid Deconstruct  Erth           #.........   100%        5    ######.


Dungeon Overview and Level Annotations

Branches:
Dungeon (7/15)             Temple (0/1) D:5

Altars:
Fedhas
Kikubaaqudgha
Qazlal
Ru
Uskayaw
Vehumet
Wu Jian
Xom

Annotations:
D:7 Joseph


Innate Abilities, Weirdness & Mutations

You have a pair of horns on your head.
You are mostly covered in sharp spines.
You cannot be stealthy.
You cannot study or use magical devices.


Message History

Joseph is heavily wounded.
Joseph is struck by your spines. Joseph hits you with a +0 quarterstaff.
You hit Joseph but do no damage.
Joseph is severely wounded.
Joseph hits you with a +0 quarterstaff.
* * * LOW HITPOINT WARNING * * *
You hit Joseph. You headbutt Joseph.
Joseph is almost dead.
Joseph is no longer blind.
Joseph hits you but does no damage.
You slash Joseph!
Joseph is almost dead.
Joseph hits you but does no damage.
You barely miss Joseph.
Joseph is almost dead.
Joseph hits you with a +0 quarterstaff.
* * * LOW HITPOINT WARNING * * *
You hit Joseph.
Joseph is almost dead.
Joseph hits you with a +0 quarterstaff!
You die...

......#.%... #.#.......#
......# .... #.#.......#
......####^####.#.......#
................#.......#
....##.....#.#.##.......#
######.....#.#.####+#+###
#.........#.#
.#.....###(####.#.##
#.##+#.....@†......
#.#....##.#.@..####
#.#....##.#........
######.#....##.#########
......^......#....#
.#.....#.....####.#
#.....#.....# #)#
.#....÷#.....####)#
.#####.#........#.#


You could see Joseph.

Vanquished Creatures
  A phantom (D:4)
  A sky beast (D:5)
  An ogre (D:4)
  A centaur (D:6)
  3 bullfrogs
  A gnoll sergeant (D:5)
  A scorpion (D:6)
  A water moccasin skeleton (D:4)
  3 killer bees (D:7)
  3 wights (D:6)
  A vampire bat (D:3)
  2 crimson imps
  2 bullfrog zombies (D:5)
  3 hounds
  A jelly (D:7)
  An orc wizard (D:7)
  A bullfrog skeleton (D:4)
  2 iguanas
  9 worker ants
  A howler monkey zombie (D:7)
  4 gnolls (D:6)
  8 adders
  A shadow imp (D:6)
  2 oozes
  An adder skeleton (D:7)
  A worm (D:4)
  A dart slug (D:4)
  2 leopard geckos
  13 orcs
  4 bat skeletons (D:3)
  2 bat zombies (D:3)
  4 giant cockroaches
  11 hobgoblins
  4 jackals (D:7)
  2 quokkas
  7 bats
  2 frilled lizards
  7 goblins
  A jackal skeleton (D:4)
  A jackal zombie (D:6)
  13 kobolds
  A quokka skeleton (D:4)
  A quokka zombie (D:5)
  8 rats
140 creatures vanquished.

Notes
Turn   | Place    | Note
-------+----------+-------------------------------------------
     0 | D:1      | Blackhawk the Demonspawn Gladiator began the quest for the
                  | Orb.
     0 | D:1      | Reached XP level 1. HP: 16/16 MP: 1/1
   135 | D:1      | Gained mutation: You have a pair of small horns on your
                  | head. [demonic ancestry]
   135 | D:1      | Reached XP level 2. HP: 14/22 MP: 2/2
   527 | D:1      | Gained mutation: You are partially covered in sharp spines.
                  | [demonic ancestry]
   527 | D:1      | Reached XP level 3. HP: 24/28 MP: 3/3
  1054 | D:2      | Found a sacrificial altar of Ru.
  1070 | D:2      | Became a worshipper of Ru the Awakened
  1101 | D:2      | Gained mutation: You have a pair of horns on your head.
                  | [demonic ancestry]
  1101 | D:2      | Reached XP level 4. HP: 34/34 MP: 4/4
  1677 | D:3      | Found a blossoming altar of Fedhas.
  1681 | D:3      | Found a stormy altar of Qazlal.
  2383 | D:3      | Found an ancient bone altar of Kikubaaqudgha.
  2394 | D:3      | Reached XP level 5. HP: 41/41 MP: 5/5
  2527 | D:4      | Gained mutation: You cannot study or use magical devices.
                  | [Ru sacrifice]
  2527 | D:4      | Reached * piety under Ru
  2527 | D:4      | Reached ** piety under Ru
  2579 | D:4      | Reached skill level 1 in Armour
  2618 | D:4      | Noticed an ogre
  2624 | D:4      | Killed an ogre
  2624 | D:4      | Gained mutation: You are mostly covered in sharp spines.
                  | [demonic ancestry]
  2624 | D:4      | Reached XP level 6. HP: 30/47 MP: 6/6
  2818 | D:4      | Found a blossoming altar of Fedhas.
  2831 | D:4      | Found a shimmering altar of Xom.
  3095 | D:4      | Found a hide-covered altar of Uskayaw.
  3095 | D:4      | Found an ornate altar of the Wu Jian Council.
  3457 | D:5      | Entered Level 5 of the Dungeon
  3530 | D:5      | Reached XP level 7. HP: 47/53 MP: 7/7
  3781 | D:5      | Got a crystal dagger
  3875 | D:5      | Found a staircase to the Ecumenical Temple.
  3915 | D:5      | Found a radiant altar of Vehumet.
  4233 | D:5      | Identified the cursed +1 dagger "Xifih" {pierce, rF+ rC+
                  | Int+3 Dex+3} (You found it on level 5 of the Dungeon)
  4929 | D:6      | Reached XP level 8. HP: 50/61 MP: 8/8
  5017 | D:6      | Gained mutation: You cannot be stealthy. [Ru sacrifice]
  5017 | D:6      | Reached *** piety under Ru
  5343 | D:6      | Reached skill level 5 in Dodging
  5344 | D:6      | Reached skill level 5 in Fighting
  5344 | D:6      | Reached skill level 5 in Axes
  6094 | D:7      | Reached skill level 5 in Throwing
  6193 | D:7      | Noticed Joseph
  6208 | D:7      | Slain by Joseph

Vault maps used:
D:1:      dpeg_arrival_solitude, minmay_misc_feat_diagonals
D:2:      hangedman_ru_absence, chequers_arboretum
D:3:      grunt_temple_overflow_forces_of_nature, kennysheep_vampire_church,
          chequers_jeans
D:4:      gammafunk_temple_overflow_statue, kennysheep_mini_moat, first_ration,
          fedhas_ov_isle_minmay
D:5:      lemuel_crystal_altar, minmay_temple_entry_offerings, serial_glass,
          glass_columns_b, glass_columns_b
D:7:      grunt_ogre_cave, lemuel_tele_altar, uniq_joseph

Skill      XL: |  1  2  3  4  5  6  7  8 |
---------------+-------------------------+-----
Throwing       | 2 3 4 5 |  5.0
Dodging        | 3 4 5 |  5.4
Axes           | 3 4 5 |  5.4
Fighting       | 3 4 5 |  5.5
Armour         | 1 2 3 4 |  4.0

Action                   |  1- 3 |  4- 6 |  7- 9 || total
-------------------------+-------+-------+-------++-------
Melee: War axe           |    64 |   110 |   146 ||   320
       Headbutt          |     7 |    20 |    40 ||    67
Invok: Sacrifice Artific |       |     1 |       ||     1
       Sacrifice Stealth |       |       |     1 ||     1
  Use: Scroll            |       |       |     4 ||     4
 Stab: Distracted        |     1 |     1 |       ||     2
       Invisible         |       |       |     1 ||     1
  Eat: Chunk             |     1 |     6 |    10 ||    17
Armor: Leather armour    |    15 |     2 |       ||    17
       Chain mail        |       |    36 |    57 ||    93
Dodge: Dodged            |    72 |    59 |    68 ||   199

Table legend:
 A = Non-vault XP
 B = Vault XP
 C = Vault XP percentage of total XP
 D = Non-vault monster count
 E = Vault monster count
 F = Vault count percentage of total count
                 A         B        C        D         E       F
            +---------+---------+-------+---------+---------+-------
      Total |    2490 |      67 |   2.6 |     133 |       7 |   5.0
            +---------+---------+-------+---------+---------+-------
        D:1 |      44 |       0 |   0.0 |      26 |       0 |   0.0
        D:2 |      98 |       0 |   0.0 |      23 |       0 |   0.0
        D:3 |      37 |      67 |  64.4 |      14 |       7 |  33.3
        D:4 |     455 |       0 |   0.0 |      14 |       0 |   0.0
        D:5 |     422 |       0 |   0.0 |      10 |       0 |   0.0
        D:6 |     773 |       0 |   0.0 |      21 |       0 |   0.0
        D:7 |     661 |       0 |   0.0 |      25 |       0 |   0.0
            +---------+---------+-------+---------+---------+-------
